 Dungeon Crawl Stone Soup version 0.26-a0-665-gefeb406119 (webtiles) character file.

Game seed: 11395226523966939035

46 mandarbmax the Ruffian (level 3, 0/29 HPs)
             Began as a Draconian Transmuter on Oct 14, 2020.
             Succumbed to miscasting Spider Form's poison
             ... on level 2 of the Dungeon.
             The game lasted 00:05:13 (2156 turns).

mandarbmax the Ruffian (Draconian Transmuter)       Turns: 2156, Time: 00:05:13

Health: 0/29       AC:  6    Str: 12    XL:     3   Next: 44%
Magic:  2/6        EV: 12    Int: 14    God:
Gold:   83         SH:  0    Dex: 11    Spells: 0/6 levels left

rFire    . . .     SeeInvis .     - Unarmed
rCold    . . .     Faith    .   (no shield)
rNeg     . . .     Spirit   .   (armour unavailable)
rPois    .         Reflect  .   (helmet restricted)
rElec    .         Harm     .   (no cloak)
rCorr    .         Rampage  .   (no gloves)
MR       .....                  d - +0 pair of boots (curse)
Stlth    +.........             (no amulet)
HPRegen  0.09/turn              (no ring)
MPRegen  0.10/turn              (no ring)

@: lethally poisoned (0 -> -5), very slightly contaminated
A: unfitting armour, cold-blooded, AC +5
a: no special abilities


You were on level 2 of the Dungeon.
You visited 1 branch of the dungeon, and saw 2 of its levels.

You collected 83 gold pieces.

Inventory:

Armour
 d - a cursed +0 pair of boots (worn)
Scrolls
 a - a scroll of enchant weapon {unknown}
 b - a scroll of magic mapping
 c - a scroll of blinking {unknown}


   Skills:
 - Level 2.0 Fighting
 - Level 2.0 Dodging
 - Level 4.0 Unarmed Combat
 - Level 2.0 Spellcasting
 + Level 2.2 Transmutations


You couldn't memorise any spells.
You knew the following spells:

 Your Spells              Type           Power        Failure   Level
a - Beastly Appendage     Tmut           #.....       10%         1
b - Wereblood             Tmut           #.......     14%         2
c - Spider Form           Tmut/Pois      #.........   41%         3

Your spell library contained the following spells:

 Spells                   Type           Power        Failure   Level
 Ice Form                 Ice/Tmut       #.......     83%         4
 Blade Hands              Tmut           #.........   95%         5


Dungeon Overview and Level Annotations

Branches:
Dungeon (2/15)

Altars:

Annotations:
D:2 Sigmund


Innate Abilities, Weirdness & Mutations

Your plain brown scales are hard. (AC +5)
You cannot fit into any form of body armour.
You are cold-blooded and may be slowed by cold attacks.


Message History

Casting: Spider Form (extremely dangerous; 41% risk of failure)
Confirm with . or Enter, or press ? or * to list all spells.
The spell is extremely dangerous to cast (41% risk of failure)!
Continue anyway?
You miscast Spider Form.
You are very lightly contaminated with residual magic.
You feel rather nauseous for a moment!
You are poisoned.
You feel sick.
Sigmund opens the door.
Sigmund smiles chillingly.
Sigmund casts a spell at you. The magic dart hits you!
You feel sick. Sigmund gestures at you while chanting. The magic dart hits you!
* * * LOW HITPOINT WARNING * * *
You aren't carrying any potions.
As you read the scroll labeled QOKE ROEFUOF, it crumbles to dust.
You feel aware of your surroundings.
You sensed 1 altar.
It was a scroll of magic mapping.
You die...

#.......##........#
##########......)##
,,,,,,,,,#.#####.# #######
,,,,,,,,,#[#####.###### #.....#
,******,,#.#...†......#####.....#
,* *,,,,,....###.####...........#
,* *,**,,#.#*##...#########.....#
,***,**,,#.* #.....# #.....#
,,,,,,,,,#.####.@.#* *#####.###
,,,,,,,,,#.......## **,..##.#
****,,,,,#######.# #,**#.#.#
***,,,* #@# #.* #...# **,** ##'##
#.###.### *,* ##...## *#...##
**,* ##.....## ##.## **,,*
##.......## #..##
*****,,,***#.........####...##


You could see Sigmund.

Vanquished Creatures
  A white imp (D:2)
  A worm (D:2)
  2 dart slugs (D:1)
  A leopard gecko (D:1)
  3 giant cockroaches
  5 goblins (D:1)
  A hobgoblin (D:1)
  4 bats
  6 kobolds (D:1)
  7 rats
31 creatures vanquished.

Notes
Turn   | Place    | Note
-------+----------+-------------------------------------------
     0 | D:1      | mandarbmax the Draconian Transmuter began the quest for the
                  | Orb.
     0 | D:1      | Reached XP level 1. HP: 16/16 MP: 3/3
   261 | D:1      | Reached XP level 2. HP: 22/24 MP: 1/5
   277 | D:1      | Learned a level 2 spell: Wereblood
  1251 | D:2      | Noticed Sigmund
  1429 | D:1      | Reached XP level 3. HP: 24/29 MP: 4/6
  1440 | D:1      | Learned a level 3 spell: Spider Form
  1971 | D:2      | Reached skill level 4 in Unarmed Combat
  2154 | D:2      | HP: 1/29 [Sigmund/magic dart (7)]
  2156 | D:2      | Succumbed to miscasting Spider Form's poison

Illustrated notes

Levels and vault maps discovered:
D:1:      heliophobic_arrival_ceremonial_halls, layout_loops_ring, moated_statue
D:2:      layout_loops_corners, marbit_many_paths, uniq_sigmund

Skill      XL: |  1  2  3 |
---------------+----------+-----
Dodging        | 2 |  2.0
Fighting       | 2 |  2.0
Unarmed Combat | 4 |  4.0
Spellcasting   | |  2.0
Transmutations | |  2.2

Action                   || total
-------------------------++-------
Melee: Unarmed           ||    82
       Kick              ||     9
       Headbutt          ||     9
       Tailslap          ||     5
 Cast: Beastly Appendage ||    21
       Wereblood         ||     3
       Spider Form       ||     1
  Use: Potion            ||     1
       Scroll            ||     1
Armor: Skin              ||    23
Dodge: Dodged            ||    56

Table legend: (Time is in decaauts)
 A = Elapsed time spent in this place.
 B = Non-inter-level travel time spent in this place.
 C = Inter-level travel time spent in this place.
 D = Time resting spent in this place.
 E = Time spent auto-exploring this place.
 F = Levels seen in this place.
 G = Mean time per level.
                   A        B        C        D        E       F      G
               +--------+--------+--------+--------+--------+-----+--------+
         Total |   2151 |   2117 |     34 |    848 |    924 |   2 | 1075.5 |
       Dungeon |   2151 |   2117 |     34 |    848 |    924 |   2 | 1075.5 |
               +--------+--------+--------+--------+--------+-----+--------+

Top non-repeatable levels by time:
     D:1: 1577 daAuts
     D:2: 574 daAuts
